 Dungeon Crawl Stone Soup version 0.20-a0-1122-gb7cbeb9 (webtiles) character file.

1418 mopl the Fighter (level 8, 0/69 HPs)
             Began as a Gnoll Berserker on May 12, 2017.
             Was an Elder of Trog.
             Slain by a killer bee (4 damage)
             ... on level 6 of the Dungeon.
             The game lasted 00:06:17 (4018 turns).

mopl the Fighter (Gnoll Berserker)                  Turns: 4018, Time: 00:06:17

Health: 0/69       AC: 14    Str: 17    XL:     8   Next: 71%
Magic:  8/8        EV:  9    Int:  8    God:    Trog [****..]
Gold:   208        SH:  0    Dex: 19    Spells: 7/7 levels left

rFire    . . .     SeeInvis .   q - +2 war axe (elec)
rCold    . . .     Gourm    .   (no shield)
rNeg     . . .     Faith    .   u - +0 chain mail (curse)
rPois    .         Spirit   .   F - +2 helmet
rElec    .         Reflect  .   (no cloak)
rCorr    +         Harm     .   (no gloves)
MR       .....                  (no boots)
Stlth    ..........             (no amulet)
Regen    0.3/turn               p - ring of resist corrosion
MPRegen  0.2/turn               z - +5 ring of dexterity

@: lethally poisoned (0 -> -1)
A: short attention span, fangs 1, strong nose
a: Berserk, Trog's Hand, Brothers in Arms, Burn Spellbooks, Renounce Religion


You were on level 6 of the Dungeon.
You worshipped Trog.
Trog was greatly pleased with you.
You were not hungry.

You visited 1 branch of the dungeon, and saw 6 of its levels.

You collected 208 gold pieces.

Inventory:

Hand Weapons
 a - a +0 mace
 q - a +2 war axe of electrocution (weapon)
 C - a +2 whip of draining
Missiles
 e - 155 stones (quivered)
 v - 28 poisoned needles
 y - 5 needles of sleeping
 A - 3 tomahawks
Armour
 u - a cursed +0 chain mail (worn)
 D - a +0 plate armour
 F - a +2 helmet (worn)
Jewellery
 m - an uncursed ring of positive energy
 p - a ring of resist corrosion (left hand)
 z - a +5 ring of dexterity (right hand)
Wands
 s - a wand of paralysis (5/24)
Scrolls
 d - a scroll of enchant armour {unknown}
 g - a scroll of recharging {unknown}
 h - a scroll of enchant weapon {unknown}
 k - 4 scrolls of remove curse {unknown}
 l - 5 scrolls of immolation {unknown}
 r - 2 scrolls of identify {unknown}
 B - a scroll of fear {unknown}
 G - a scroll of noise {unknown}
Potions
 f - 2 potions of curing {unknown}
 i - 3 potions of might {unknown}
 n - 2 potions of berserk rage {unknown}
 o - a potion of flight {unknown}
 t - 3 potions of brilliance {unknown}
 w - a potion of magic {unknown}
 x - a potion of invisibility {unknown}
Comestibles
 b - 5 royal jellies
 c - 5 bread rations
 j - 5 meat rations
 E - a fruit
 H - a chunk of flesh


   Skills:
 + Level 8.6 Fighting
 - Level 4.8 Maces & Flails
 + Level 8.0 Throwing
 + Level 8.3 Armour
 - Level 3.2 Dodging


You had 7 spell levels left.
You didn't know any spells.

Dungeon Overview and Level Annotations

Branches:
Dungeon (6/15)
 Temple: D:4-7

Altars:
Ashenzari
Dithmenos
Elyvilon
Hepliaklqana
Kikubaaqudgha
Makhleb
Nemelex Xobeh
Sif Muna
Uskayaw
Vehumet
Xom
Zin
The Shining One

Annotations:
D:3 1 runed door


Innate Abilities, Weirdness & Mutations

You have a short attention span.
You have very sharp teeth.
Your uncanny sense of smell can sniff out nearby items.


Message History

Your Throwing skill increases to level 8!
You become less interested in Throwing.
You feel sick. The killer bee closely misses you. The killer bee stings you.
* * * LOW HITPOINT WARNING * * *
You completely miss the killer bee. Your bite misses the killer bee.
The killer bee closely misses you. x2
The killer bee stings you but does no damage.
Unknown command.
You hit the killer bee.
The killer bee is lightly wounded.
You feel sick. The killer bee closely misses you.
The killer bee stings you but does no damage.
The killer bee barely misses you.
Unknown command.
You miss the killer bee.
The killer bee is lightly wounded.
You feel sick. The killer bee stings you.
* * * LOW HITPOINT WARNING * * *
The killer bee stings you.
You die...

......#..<........#
#.....#
..................#
#######
......#.........).##
......#............#
......#........)...#
......#............#
.................#.#
........########.#.#
...>....# #@#.#####
#####.#
######y#..$..## ..
........g....... ##.
......).........
................
.......#........
.......#........
................
................


You could see a killer bee and a gnoll.

Vanquished Creatures
  A phantom (D:4)
  2 ogres (D:4)
  2 centaurs
  A bullfrog (D:6)
  A wyvern zombie (D:6)
  2 scorpions (D:4)
  3 killer bees (D:6)
  A howler monkey (D:5)
  A jelly (D:6)
  3 orc priests
  A centaur skeleton (D:5)
  A hound (D:5)
  An iguana (D:3)
  Jessica (D:3)
  Ijyb (D:3)
  Terence (D:3)
  An orc wizard (D:3)
  5 worker ants
  2 gnolls (D:6)
  4 adders
  An ooze (D:2)
  2 adder skeletons
  3 dart slugs
  2 worms
  2 leopard geckos (D:1)
  18 orcs
  7 giant cockroaches
  7 goblins
  6 hobgoblins
  2 jackals (D:1)
  10 kobolds
  3 quokkas
  3 ball pythons
  8 bats
  4 frilled lizards
  2 jackal skeletons
  2 quokka skeletons
  8 rats
125 creatures vanquished.

Notes
Turn   | Place    | Note
-------+----------+-------------------------------------------
     0 | D:1      | mopl the Gnoll Berserker began the quest for the Orb.
     0 | D:1      | Reached XP level 1. HP: 20/20 MP: 1/1
    25 | D:1      | Reached skill level 5 in Fighting
    25 | D:1      | Reached skill level 1 in Throwing
    51 | D:1      | Reached XP level 2. HP: 27/27 MP: 2/2
    89 | D:1      | Reached skill level 2 in Throwing
   307 | D:1      | Reached XP level 3. HP: 32/34 MP: 3/3
   424 | D:1      | Reached skill level 4 in Armour
   584 | D:2      | Reached ** piety under Trog
   662 | D:2      | Found a shimmering altar of Xom.
   663 | D:2      | Found a shattered altar of Ashenzari.
   663 | D:2      | Found a hazy altar of Hepliaklqana.
   797 | D:2      | Reached skill level 6 in Fighting
   886 | D:2      | Reached skill level 3 in Throwing
   886 | D:2      | Reached XP level 4. HP: 40/40 MP: 4/4
   909 | D:2      | Found a white marble altar of Elyvilon.
  1206 | D:3      | Noticed an angel
  1207 | D:3      | Found a glowing golden altar of the Shining One.
  1208 | D:3      | Reached skill level 5 in Armour
  1217 | D:3      | Found a runed door.
  1228 | D:3      | Reached skill level 4 in Throwing
  1229 | D:3      | Reached XP level 5. HP: 35/47 MP: 5/5
  1240 | D:3      | Noticed Terence
  1241 | D:3      | Noticed Ijyb
  1241 | D:3      | Paralysed by Ijyb for 6 turns
  1248 | D:3      | Killed Terence
  1250 | D:3      | Killed Ijyb
  1279 | D:3      | Noticed a centaur
  1286 | D:3      | Killed a centaur
  1286 | D:3      | Reached skill level 5 in Throwing
  1286 | D:3      | Reached skill level 6 in Armour
  1286 | D:3      | Reached XP level 6. HP: 24/53 MP: 6/6
  1517 | D:3      | Reached skill level 7 in Fighting
  1561 | D:3      | Found a shadowy altar of Dithmenos.
  1561 | D:3      | Found a glowing silver altar of Zin.
  1561 | D:3      | Found a deep blue altar of Sif Muna.
  1564 | D:3      | Found a radiant altar of Vehumet.
  1566 | D:3      | Found a hide-covered altar of Uskayaw.
  1711 | D:3      | Noticed Jessica
  1717 | D:3      | Killed Jessica
  2038 | D:3      | Found a burning altar of Makhleb.
  2187 | D:4      | Reached *** piety under Trog
  2270 | D:4      | Reached skill level 6 in Throwing
  2270 | D:4      | Reached XP level 7. HP: 46/60 MP: 7/7
  2466 | D:4      | Reached skill level 7 in Armour
  2814 | D:4      | Reached skill level 8 in Fighting
  2814 | D:4      | Reached skill level 7 in Throwing
  3036 | D:4      | Reached XP level 8. HP: 35/68 MP: 8/8
  3154 | D:5      | Entered Level 5 of the Dungeon
  3203 | D:5      | Found an ancient bone altar of Kikubaaqudgha.
  3659 | D:5      | Reached skill level 8 in Armour
  3867 | D:6      | Found a sparkling altar of Nemelex Xobeh.
  3975 | D:6      | Reached **** piety under Trog
  4015 | D:6      | Reached skill level 8 in Throwing
  4018 | D:6      | Slain by a killer bee

Vault maps used:
D:1:      dpeg_arrival_rooms_c, glass_columns_a
D:2:      nicolae_overflow_crystal_walls, grunt_temple_overflow_open,
          nrook_mini_backslash
D:3:      nicolae_overflow_hidden_temple, minitemple, lemuel_angel_altar,
          uniq_jessica, uniq_terence, uniq_ijyb
D:5:      kennysheep_little_box, first_bread, abandoned_shop, serial_park_tiny_2
D:6:      overflow_temple_1_default, minmay_temple_entry_mist

Skill      XL: |  1  2  3  4  5  6  7  8 |
---------------+-------------------------+-----
Fighting       | 5 6 7 8 |  8.6
Throwing       | 1 2 3 4 5 6 7 8 |  8.0
Armour         | 4 5 6 7 8 |  8.3
Maces & Flails | |  4.8
Dodging        | |  3.2

Action                   |  1- 3 |  4- 6 |  7- 9 || total
-------------------------+-------+-------+-------++-------
Melee: Mace              |   107 |    32 |       ||   139
       Bite              |    10 |     9 |    12 ||    31
       War axe           |       |    69 |   120 ||   189
Invok: Berserk           |       |     2 |     2 ||     4
 Stab: Sleeping          |     1 |       |       ||     1
  Eat: Chunk             |       |     6 |     6 ||    12
       Fruit             |       |       |     2 ||     2
Armor: Animal skin       |    26 |     3 |       ||    29
       Chain mail        |       |    40 |    77 ||   117
Dodge: Dodged            |    82 |    46 |    75 ||   203
